Cogmind - Beta 10.2 @@@ ROGUE MODE // 2021.02.22 @ 07:48:55 Player: sentrybuster Result: Destroyed by G-47 Trooper with Particle Gun Performance ------------- Evolutions (2) 1000 Regions Visited (5) 1000 Robots Destroyed (32) 160 Value Destroyed (1178) 1178 Prototype IDs (26) 520 Alien Tech Used (0) 0 Bonus (261) 261 TOTAL SCORE: 4119 Bonus ------- Aligned with FarCom 300 Friendly Fire -39 Cogmind --------- Core Integrity 0/550 Matter 34/300 Energy 84/100 System Corruption 0% Temperature Cool (9) Movement Core (50) Location -8/Materials Parts ------- > --- POWER (1) -------- (None) > --- PROPULSION (3) --- (None) > --- UTILITY (3) ------ Hacking Suite > --- WEAPON (4) ------- Makeshift Spear > --- INVENTORY (4) ---- Nuclear Core Aluminum Leg Small Storage Unit Trap Reconfigurator Peak State ------------ > --- POWER ------------ Light Nuclear Core > --- PROPULSION ------- Light Treads Improved Treads > --- UTILITY ---------- Small Storage Unit Hacking Suite System Shield > --- WEAPON ----------- Heavy Particle Gun Precision Beam Rifle Heavy Assault Rifle Bore Cannon > --- INVENTORY -------- Nuclear Core Aluminum Leg Trap Reconfigurator EM Pulse Gun Grenade Launcher Makeshift Spear [Rating: 29] Favorites ----------- Power Light Ion Engine Engine Light Ion Engine Power Core Light Nuclear Core Propulsion Light Treads Treads Light Treads Leg Aluminum Leg Utility Small Storage Unit Device Experimental Sensor Array Storage Small Storage Unit Hackware Hacking Suite Weapon EM Pulse Gun Energy Gun EM Pulse Gun Ballistic Gun Heavy Assault Rifle Ballistic Cannon Bore Cannon Launcher Rocket Launcher Piercing Weapon Makeshift Spear Build | -11 -10 -10 -10 -9 -8 ------- Run | Scr Mat Min Exi Min Mat Slots Evolved 4 | . . . . . 4 Power . | . . . . . . Propulsion 1 | . . . . . 1 Utility 1 | . . . . . 1 Weapon 2 | . . . . . 2 Parts Attached 35 | 6 . 7 1 3 18 Power 2 | 1 . . . . 1 Engine 1 | 1 . . . . . Core 1 | . . . . . 1 Reactor . | . . . . . . Propulsion 5 | 2 . . . 1 2 Treads 4 | 2 . . . 1 1 Leg 1 | . . . . . 1 Wheel . | . . . . . . Hover . | . . . . . . Flight . | . . . . . . Utility 6 | 1 . . 1 . 4 Device 2 | . . . 1 . 1 Storage 1 | 1 . . . . . Processor . | . . . . . . Hackware 3 | . . . . . 3 Protection . | . . . . . . Artifact . | . . . . . . Weapon 22 | 2 . 7 . 2 11 Energy Gun 10 | 2 . 2 . 1 5 Energy Cannon . | . . . . . . Ballistic Gun 1 | . . . . . 1 Ballistic Cannon 5 | . . 2 . 1 2 Launcher 5 | . . 3 . . 2 Special Weapon . | . . . . . . Impact Weapon . | . . . . . . Slashing Weapon . | . . . . . . Piercing Weapon 1 | . . . . . 1 Special Melee Weapon . | . . . . . . Unidentified Prototypes 3 | . . . 1 . 2 Parts Lost 14 | . . 1 . . 13 Power 2 | . . . . . 2 Propulsion 3 | . . . . . 3 Utility 1 | . . . . . 1 Weapon 8 | . . 1 . . 7 Highest Loss Streak 9 | . . 1 . . 9 Average Slot Usage (%) 85 | . 85 84 85 85 85 Engine 11 | . 14 14 14 14 3 Treads 24 | . 28 28 28 28 16 Leg 2 | . . . . . 6 Storage 12 | . 14 14 14 14 8 Hackware 4 | . . . . . 16 Energy Gun 15 | . 28 14 14 14 17 Ballistic Gun 2 | . . . . . 7 Ballistic Cannon 3 | . . 2 . 7 5 Launcher 7 | . . 10 14 6 . Naked Turns . | . . . . . . Heaviest Build 26 | 11 11 18 13 18 26 Greatest Support 43 | 40 40 40 40 40 43 Greatest Overweight (x) 2 | . . . . . 2 Average Overweight (x) . | . . . . . . Largest Inventory Capacity 6 | 6 6 6 6 6 6 Average Capacity 5 | 5 6 6 6 6 5 Most Carried 6 | 4 6 6 6 6 6 Average Carried 5 | 2 4 5 5 5 5 Final Capacity 6 | 6 6 6 6 6 4 Final Carried 6 | 4 6 6 6 6 4 Class Distribution -------------------- 74% | Mutant 16% | Hacker-Skirmisher 8% | Hacker-Mutant Dominant Class ---------------- Mutant | -10/Materials Mutant | -10/Mines Mutant | -10/Exiles Mutant | -9/Mines Hacker-Skirmisher | -8/Materials Resources | -11 -10 -10 -10 -9 -8 ----------- Run | Scr Mat Min Exi Min Mat Matter Collected 804 | 260 . 192 . 89 263 Remotely . | . . . . . . Salvage Created 1056 | . . 221 . 143 692 Parts 47 | . . 9 . 7 31 Haulers Intercepted 1 | . . . . . 1 Recyclers Shooed . | . . . . . . Parts Field Recycled . | . . . . . . Retrieved Matter . | . . . . . . Parts Self-Destructed . | . . . . . . Prevented . | . . . . . . Kills | -11 -10 -10 -10 -9 -8 ------- Run | Scr Mat Min Exi Min Mat Combat Hostiles Destroyed 33 | . . 16 . 3 14 Guns 14 | . . 5 . . 9 Cannons 3 | . . 1 . 1 1 AOE 16 | . . 10 . 2 4 Classes Destroyed 12 | . . 4 . 1 7 Builder 1 | . . . . . 1 Hauler 1 | . . . . . 1 Mechanic 1 | . . . . . 1 Operator 1 | . . . . . 1 Watcher 2 | . . . . . 2 Swarmer 3 | . . 3 . . . Grunt 16 | . . 4 . 2 10 Brawler 1 | . . . . 1 . Duelist 1 | . . . . . 1 Sentry 3 | . . . . . 3 Demolisher 2 | . . 2 . . . Assembled 7 | . . 7 . . . Best Kill Streak 7 | . . 5 . 2 7 Combat Bots Only 6 | . . 5 . 2 6 Max Kills in Single Turn 3 | . . 3 . 2 2 Gunslinging . | . . . . . . Exploded 3 | . . 3 . 2 2 Melee . | . . . . . . Uniques/NPCs Destroyed . | . . . . . . Combat | -11 -10 -10 -10 -9 -8 -------- Run | Scr Mat Min Exi Min Mat Damage Taken 2095 | . . 410 . 30 1655 Core 643 | . . 70 . 13 560 Absorbed by Shields . | . . . . . . Core Remaining (%) 83 | 100 . . . 66 . Volleys Fired 88 | . . 24 . 7 57 Largest 4 | . . 2 . 2 4 Hottest 183 | . . 97 . 97 183 Shots Fired 180 | . . 39 . 14 127 Gun 124 | . . 26 . 7 91 Cannon 39 | . . 2 . 7 30 Launcher 17 | . . 11 . . 6 Special . | . . . . . . Kinetic 80 | . . 2 . 7 71 Thermal 35 | . . . . . 35 Explosive 17 | . . 11 . . 6 Electromagnetic 48 | . . 26 . 7 15 Robot Hit Streak 11 | . . 11 . 3 10 Robot Miss Streak 3 | . . 2 . 3 3 Penetration Max 1 | . . . . 1 1 Secondary Targets . | . . . . . . Shots Hit Robots 118 | . . 26 . 7 85 Core Hits 76 | . . 26 . 4 46 Critical Hits 16 | . . 1 . 1 14 Critical Kills 2 | . . . . . 2 Critical Parts Destroyed 14 | . . 1 . 1 12 Melee Attacks 11 | . . . . . 11 Impact . | . . . . . . Slashing . | . . . . . . Piercing 11 | . . . . . 11 Sneak Attacks . | . . . . . . Combat Hostiles . | . . . . . . Follow-up Attacks . | . . . . . . Damage Inflicted 3415 | . . 1090 . 195 2130 Guns 1130 | . . 211 . 53 866 Cannons 568 | . . 45 . 72 451 Explosions 1596 | . . 832 . 70 694 Melee 110 | . . . . . 110 Ramming 11 | . . 2 . . 9 Kinetic 874 | . . 45 . 72 757 Thermal 827 | . . 224 . 70 533 Explosive 1170 | . . 608 . . 562 Electromagnetic 423 | . . 211 . 53 159 Impact . | . . . . . . Slashing . | . . . . . . Piercing 110 | . . . . . 110 Highest Corruption . | . . . . . . Average Corruption . | . . . . . . Corruption Purged . | . . . . . . Overload Shots . | . . . . . . Overflow Damage 45 | . . 38 . . 7 Projectiles 7 | . . . . . 7 Explosions 38 | . . 38 . . . Melee . | . . . . . . Knockbacks 6 | . . . . 1 5 Impact . | . . . . . . Kinetic 5 | . . . . 1 4 Secondary 1 | . . . . . 1 Self-Inflicted Damage 208 | . . 102 . . 106 Shots 10 | . . 4 . . 6 Rammed 2 | . . 1 . . 1 Targets Rammed 2 | . . 1 . . 1 Kicked . | . . . . . . Crushed . | . . . . . . Highest Temperature 468 | . . 72 . 234 468 Average Temperature 118 | . . 24 . 109 151 Received Heat Transfer 954 | . . 90 . 18 846 Effects 6 | . . . . . 6 Shutdowns 1 | . . . . . 1 Interference 2 | . . . . . 2 Matter Decay 1 | . . . . . 1 Damage (major) 2 | . . . . . 2 Siege Activations . | . . . . . . Robots Corrupted . | . . . . . . Combat Hostiles . | . . . . . . Parts Fried 1 | . . . . . 1 Impact Corruptions . | . . . . . . Robots Melted . | . . . . . . Combat Hostiles . | . . . . . . Parts Melted . | . . . . . . Heat Transferred 1264 | . . 250 . 50 964 Parts Sabotaged . | . . . . . . Parts Stolen . | . . . . . . Parts Stripped . | . . . . . . Power Chain Reactions 4 | . . 2 . 1 1 Missiles Intercepted . | . . . . . . Alert | -11 -10 -10 -10 -9 -8 ------- Run | Scr Mat Min Exi Min Mat Peak Influence 301 | . . 165 . 110 301 Initial 42 | . . . . . 42 Average 79 | . . 51 . 42 150 Maximum Alert Level 1 | . . . . . 1 Low Security (%) 87 | 100 100 100 . 100 62 Level 1 12 | . . . . . 37 Level 2 . | . . . . . . Level 3 . | . . . . . . Level 4 . | . . . . . . Level 5 . | . . . . . . High Security . | . . . . . . Max Security . | . . . . . . Squads Dispatched 4 | . . . . . 4 Investigation 2 | . . . . . 2 Extermination . | . . . . . . Reinforcement 2 | . . . . . 2 Assault . | . . . . . . Garrison . | . . . . . . Intercept . | . . . . . . Construction Impeded 1 | . . . . . 1 Haulers Reinforced . | . . . . . . Stealth | -11 -10 -10 -10 -9 -8 --------- Run | Scr Mat Min Exi Min Mat Distress Signals 5 | . . . . . 5 Communications Jammed . | . . . . . . Distress Signals . | . . . . . . Times Spotted 54 | . . 22 . 5 27 Peak Tracking Total 7 | . . 7 . 2 7 Tactical Retreats 6 | . . 2 . 2 2 Traps | -11 -10 -10 -10 -9 -8 ------- Run | Scr Mat Min Exi Min Mat Traps Triggered 2 | . . . . . 2 Indirectly . | . . . . . . Trap Hack Attempts . | . . . . . . Triggered . | . . . . . . Disarmed . | . . . . . . Reprogrammed . | . . . . . . Reused . | . . . . . . Traps Extracted . | . . . . . . Installed . | . . . . . . Triggered . | . . . . . . Machines | -11 -10 -10 -10 -9 -8 ---------- Run | Scr Mat Min Exi Min Mat Machines Disabled 3 | . . 1 . . 2 Max in Single Turn 1 | . . 1 . . 1 Machines Sabotaged . | . . . . . . Garrisons Compromised . | . . . . . . Overloaded Fab Kills . | . . . . . . Fab Network Shutdowns . | . . . . . . Hacking | -11 -10 -10 -10 -9 -8 --------- Run | Scr Mat Min Exi Min Mat Machines Accessed 3 | . . . 1 . 2 Terminals 1 | . . . . . 1 Fabricators . | . . . . . . Repair Stations . | . . . . . . Recycling Units 1 | . . . . . 1 Scanalyzers . | . . . . . . Garrison Access . | . . . . . . Total Hacks 4 | . . . 1 . 3 Successful 4 | . . . 1 . 3 Failed . | . . . . . . Catastrophic . | . . . . . . Database Lockouts . | . . . . . . Manual 2 | . . . 1 . 1 Terminals 2 | . . . . . 2 Fabricators . | . . . . . . Repair Stations . | . . . . . . Recycling Units 1 | . . . . . 1 Scanalyzers . | . . . . . . Garrison Access . | . . . . . . Terminal Hacks 3 | . . . 1 . 2 Unreport Threat 1 | . . . . . 1 Zone Layout 1 | . . . . . 1 EX-Prototype ID Bank 1 | . . . 1 . . Fabricator Hacks . | . . . . . . Repair Station Hacks . | . . . . . . Recycling Unit Hacks 1 | . . . . . 1 Retrieve Components 1 | . . . . . 1 Scanalyzer . | . . . . . . Garrison Access Hacks . | . . . . . . Unauthorized Hacks . | . . . . . . Terminals . | . . . . . . Fabricators . | . . . . . . Repair Stations . | . . . . . . Recycling Units . | . . . . . . Scanalyzers . | . . . . . . Garrison Access . | . . . . . . Data Cores Recovered . | . . . . . . Used . | . . . . . . Hacking Detections 1 | . . . . . 1 Full Trace Events . | . . . . . . Feedback Events . | . . . . . . Feedback Blocked . | . . . . . . Robot Schematics Acquired . | . . . . . . Robots Built . | . . . . . . Matter . | . . . . . . Time . | . . . . . . Total Robot Build Rating . | . . . . . . Part Schematics Acquired . | . . . . . . Parts Built . | . . . . . . Matter . | . . . . . . Time . | . . . . . . Total Part Build Rating . | . . . . . . Parts Repaired . | . . . . . . Time . | . . . . . . Parts Recycled . | . . . . . . Recycled Matter . | . . . . . . Retrieved Matter . | . . . . . . Retrieved Components 3 | . . . . . 3 Parts Scanalyzed . | . . . . . . Part Schematics Acquired . | . . . . . . Parts Damaged . | . . . . . . Bothacking | -11 -10 -10 -10 -9 -8 ------------ Run | Scr Mat Min Exi Min Mat Used RIF Installer . | . . . . . . Robots Hacked . | . . . . . . Non-combat . | . . . . . . Combat . | . . . . . . Robot Hacks Applied . | . . . . . . Relay Couplers Released . | . . . . . . Robots Rewired . | . . . . . . Allies Hacked . | . . . . . . Hacks Repelled . | . . . . . . Allies | -11 -10 -10 -10 -9 -8 -------- Run | Scr Mat Min Exi Min Mat Total Allies . | . . . . . . Largest Group . | . . . . . . Highest-Rated Group . | . . . . . . Highest-Rated Ally . | . . . . . . Total Orders . | . . . . . . Ally Attacks . | . . . . . . Total Damage . | . . . . . . Kills . | . . . . . . Allies Corrupted . | . . . . . . Allies Melted . | . . . . . . Intel | -11 -10 -10 -10 -9 -8 ------- Run | Scr Mat Min Exi Min Mat Robot Analysis Total . | . . . . . . Derelict Logs Recovered 3 | . . 2 . 1 . Drone Launches . | . . . . . . Drone Recoveries . | . . . . . . Exploration | -11 -10 -10 -10 -9 -8 ------------- Run | Scr Mat Min Exi Min Mat Turns Passed 2080 | 72 52 718 359 291 588 Spaces Moved 1063 | 41 32 389 222 166 213 Core 9 | 5 . . . . 4 Treads 1054 | 36 32 389 222 166 209 Legs . | . . . . . . Wheels . | . . . . . . Hover . | . . . . . . Flight . | . . . . . . Fastest Speed 50 | 50 160 160 160 160 100 Average Speed 159 | 146 160 160 160 160 159 Slowest Speed 160 | 160 160 160 160 160 160 Overloaded Moves . | . . . . . . Propulsion Burnouts . | . . . . . . Robots Hopped . | . . . . . . Cave-ins Triggered . | . . . . . . Exploration Rate (%) 38 | 4 9 93 61 46 20 Regions Visited 5 Branch Regions 3 Pre-discovered Areas 2 | . . 1 . 1 . Known Exits Taken . | . . . . . . Unknown Exits Taken 5 | 1 1 1 1 1 . Scrap Searched 2 | . . 1 . 1 . Spaces Dug 2 | . . . . . 2 Terrain Destroyed 153 | . . 100 . 5 48 Melee . | . . . . . . Projectile 15 | . . . . 1 14 AOE 138 | . . 100 . 4 34 Terrain Rammed . | . . . . . . Walls Destroyed . | . . . . . . Machines Disabled . | . . . . . . Actions | -11 -10 -10 -10 -9 -8 --------- Run | Scr Mat Min Exi Min Mat Total 1281 | 51 33 444 227 178 348 Wait 58 | . . 18 . . 40 Move 1058 | 40 31 388 221 165 213 Hop . | . . . . . . Pick Up 14 | 5 2 3 2 1 1 Fast Attach 14 | 5 . . . . 9 Attach 10 | 1 . 2 1 . 6 Detach 6 | . . 1 1 . 4 Swap 11 | . . 5 . 3 3 Drop 9 | . . 2 2 2 3 Fire 88 | . . 24 . 7 57 Melee 11 | . . . . . 11 Ram . | . . . . . . Kick . | . . . . . . Crush 2 | . . 1 . . 1 Escape Stasis . | . . . . . . Rewire . | . . . . . . Trap . | . . . . . . Miscellaneous . | . . . . . . Route ------- -11/Scrapyard -10/Materials -10/Mines (discovered 3 exits: [*Mat x2] / *Exi) -10/Exiles -9/Mines -8/Materials History --------- Turn | Location | Event 5 | -11/Scrapyard | Discovered new exit (range 16) 73 | -11/Scrapyard | Entered Materials 83 | -10/Materials | Discovered new exit (range 16) 125 | -10/Materials | Entered Mines 126 | -10/Mines | Assembled infested the area 131 | -10/Mines | Assisted by a Guerilla fighting off Assembled 147 | -10/Mines | Found a damaged Exp. Sensor Array with a note attached 151 | -10/Mines | Found Prototype Device 219 | -10/Mines | Learned location of Zion (-7) 273 | -10/Mines | Received a Rocket Launcher from a helpful Derelict 302 | -10/Mines | Build established: Mutant 535 | -10/Mines | Discovered new exit (range 3) 702 | -10/Mines | Discovered new exit (range 2) 835 | -10/Mines | Deemed a non-threat by the Exiles lab entrance 836 | -10/Mines | Discovered new exit (range 5) 843 | -10/Mines | Entered Exiles 887 | -10/Exiles | Met 8R-AWN 912 | -10/Exiles | Met EX-HEX 959 | -10/Exiles | Met EX-BIN 981 | -10/Exiles | Aligned with FarCom system 983 | -10/Exiles | Given EX-Vault access code 1024 | -10/Exiles | Opened EX-Vault 1039 | -10/Exiles | Identified Exp. Sensor Array 1041 | -10/Exiles | Found Trap Reconfigurator 1078 | -10/Exiles | Warned to stay clear of 0b10 Research branches 1123 | -10/Exiles | Met EX-DEC 1189 | -10/Exiles | Discovered new exit (range 10) 1202 | -10/Exiles | Left Exiles lab with Trap Reconfigurator 1202 | -10/Exiles | Entered Mines 1329 | -9/Mines | A weapon hastily lodged in a ceiling crevice suddenly fell to the ground 1479 | -9/Mines | Discovered new exit (range 9) 1493 | -9/Mines | Entered Materials 1493 | -8/Materials | Evolved 4 slots: Propulsion x1, Utility x1, Weapon x2 2066 | -8/Materials | Core integrity fell below 50% 2074 | -8/Materials | Core integrity fell below 20% 2081 | -8/Materials | Destroyed by G-47 Trooper with Particle Gun Last Messages --------------- 02038_ G-47 Trooper suffers critical hit. 02038_ Destroyed Aluminum Leg. 02040_ Bore Cannon destroyed. 02044_ Prc. Beam Rifle destroyed. 02049_ U-05 Engineer builds a Wall. 02050_ Hvy. Particle Gun destroyed. 02051_ Imp. Treads destroyed. 02052_ EM Pulse Gun destroyed. 02053_ U-05 Engineer builds a Wall. 02053_ R-06 Scavenger collects Imp. Hover Unit. 02054_ K-01 Serf collects debris. 02055_ Acquired 25 matter. 02055_ Grenade Launcher destroyed. 02057_ K-01 Serf collects debris. 02057_ R-06 Scavenger collects Imp. Signal Interpreter. 02064_ U-05 Engineer builds a Wall. 02071_ System Shield destroyed. 02074_ U-05 Engineer builds a Wall. 02075_ U-05 Engineer destroyed. 02077_ K-01 Serf collects debris. Map ----- +----------------------------------------------------+ | ?????????????????????????????????????????????????? | | ?????????????????????????????????????????????????? | | ?????????????????????????????????????????????????? | | ?????????????????????????????????????????????????? | | ?????????????????????????????????????????????????? | | ?????????????????????????????????????????????????? | | ?????????????????????????????????????????????????? | | ?????????????????????????????????????????????????? | | ?????????????????????????????????????????????????? | | ?????????????????????????????????????????????????? | | ????????????????Y????????????????????????????????? | | ?????????????????g????????w?g????????????????????? | | ??????????????????????????????????????? ???????? | | ??????????????????????????????????????! ???????? | | ?????????????????????????????????????? ???????? | | ??????????????????????????????????????# #??????? | | ????????????????????????? #????# ## #??????? | | ?????????????????##??????###????# ## #??????? | | ?????????????????###########????# ## #??????? | | ???????????s??????# ###### ## #??????? | | ?????????ss???#???# + + ## #??????? | | ?????????????## ??# k## # ## ######## | | ?????????????# ?# = Y## # ## # # | | ?????????????# %# !%! ## + ## # | | ?????????????# ; !g## ######### # "S # | | ??????????????????#ku @ ## ###?????# + """ # | | ??????????????????# g ## ## ##???# # "" # | | ????????????w?????# ## # #???# # # | | ??????????????????########### ##= #??## ######## | | ?????????????????????# #!# ! ## #### #?????? | | ?????????????????????##### * != #?????? | | ????????????????????????# == #?????? | | ????????????????????????## %%! = #?????# | | ?????????????????????????# =! ####### #?????# | | ?????????????????????????# %#####??# #####?????# | | ??????????????????????? # |##?????###?????????# | | ????????????????????? # #???????? ????????# | | ???????????????????? # ###############????# | | ??????????????????? [ # %= #????# | | ??????????????????? # #????# | | ???????????????????####+### #????# | | ?????????????????????????### # """ #????# | | ?????????????????????????#?# # """ #????# | | ?????????????????????????#?# # """ #????# | | ?????????????????????????#?# # """ #????? | | ?????????????????????????#?# # ###### | | ?????????????????????????#?# # | | ???????????????????????????# # ###### | | ???????????????????????????# # % #????? | | ???????????????????????????# # [ #????? | +----------------------------------------------------+ Best States ------------- Heat Dissipation 31 Energy Generation 14 Energy Capacity 160 Matter Stores 300 Matter Capacity 300 Sight Range 16 Robot Scan Range 30 Terrain Scan Density 10 Evasion (%) 40 Recoil Reduction 2 Offensive Hacking 10 Defensive Hacking 10 Item Schematics ----------------- None Robot Schematics ------------------ None Fabricated ------------ Nothing Alien Tech Used ----------------- None Achievements -------------- None Challenges ------------ None Game ------ Seed AccelerationTerrainSteel Manual? 0 Play Time 00:37:24 Cumulative 131.1 hours Start 2021.02.21 @ 05:19:38 End 2021.02.22 @ 07:48:55 Sessions 5 Manual Loads 0 Difficulty Rogue Special Mode None Game No. 232 Rogue 228 Adventurer 0 Explorer 4 Win Type - Total 0 Types 0/0/0/0/0/0/0/0/0 Lore% 63 Gallery% 73 Achievement% 49 Wizard Run 0 Options --------- ASCII 1 Keyboard 1 Movement Numpad Keybinds 0 Fullscreen 1 Font 18/X11Bold Map View 76x50 Tactical HUD 1 Map Filters NONE Filters NONE Steam 1 RUN: e74411af-186a-4449-b0ea-6a8af6978a89